 Dungeon Crawl Stone Soup version 0.16-a0-321-g9a421ca (webtiles) character file.

43343 PolkaDot the Maledictor (level 13, -12/79 HPs)
             Began as a Vampire Enchanter on Sept 2, 2014.
             Was an Initiate of Gozag.
             Mangled by an emperor scorpion (glowing shapeshifter) (21 damage)
             ... on Level 15 of the Dungeon.
             The game lasted 01:58:29 (27093 turns).

PolkaDot the Maledictor (Vampire Enchanter)        Turns: 27093, Time: 01:58:29

HP -12/79        AC 10     Str  7      XL: 13   Next: 90%
MP  16/27        EV 11     Int 25      God: Gozag
Gold 1383        SH  5     Dex 15      Spells:  7 memorised,  1 level left

rFire  + . .     SeeInvis +     q - +4 dagger (protect)
rCold  + + .     Clarity  .     b - +1 robe
rNeg   + + +     rCorr    +     X - +2 buckler
rPois  +         rRot     +     u - +0 hat {SInv}
rElec  .         Spirit   .     (no cloak)
SustAb .         Warding  .     a - +0 pair of gloves
rMut   .         Stasis   .     d - +0 pair of boots
Gourm  .                        g - cursed amulet of resist corrosion
MR     +....                    r - ring of invisibility
                                J - cursed ring of protection from fire

@: brilliant, very slightly contaminated, bloodless, non-regenerating, slowed,
invisible, very slow, somewhat resistant to hostile enchantments, incredibly
stealthy
A: bottle blood, fangs 3, see invisible, unbreathing
a: Bat Form, Bottle Blood, Potion Petition, Call Merchant, Bribe Branch,
Renounce Religion, Turn Visible


You were on level 15 of the Dungeon.
You worshipped Gozag.
Gozag was noncommittal.
You were bloodless.

You visited 3 branches of the dungeon, and saw 19 of its levels.
You also visited: Labyrinth.

You collected 3978 gold pieces.
You spent 750 gold pieces at shops.
You paid 1845 gold pieces to Gozag.

Inventory:

Hand weapons
 q - a +4 dagger of protection (weapon)
Armour
 a - a +0 pair of gloves (worn)
 b - a +1 robe (worn)
 d - a +0 pair of boots (worn)
 u - a +0 hat of see invisible (worn)
 X - a +2 buckler (worn)
Magical devices
 j - a wand of teleportation (3)
 C - a wand of polymorph (11)
 M - a wand of fireball (2)
Scrolls
 c - a scroll of summoning {unknown}
 e - a scroll of identify
 f - 9 scrolls of remove curse
 i - 2 scrolls of amnesia {unknown}
 k - 2 scrolls of blinking
 m - 9 scrolls of teleportation
 o - a scroll of fear
 p - 2 scrolls of recharging
 t - a scroll of enchant armour {unknown}
 w - a scroll of immolation {unknown}
 x - a scroll of magic mapping
 B - a scroll of enchant weapon
 G - 2 scrolls of fog
 O - a scroll of vulnerability {unknown}
Jewellery
 g - a cursed amulet of resist corrosion (around neck)
 r - a ring of invisibility (right hand)
 J - a cursed ring of protection from fire (left hand)
 T - an uncursed ring of teleport control
Potions
 l - 5 potions of restore abilities
 n - 2 potions of resistance
 s - 3 potions of brilliance
 v - 4 potions of flight
 z - 4 potions of curing
 A - a potion of mutation {!q}
 F - a potion of cancellation
 K - a potion of agility
 L - 3 potions of haste
Books
 h - a book of Enchantments

   Spells                             Type                      Level
   Tukima's Dance                     Hexes                        3
   Cause Fear                         Hexes                        4
   Silence                            Hexes/Air                    5
   Deflect Missiles                   Charms/Air                   6
   Haste                              Charms                       6
   Discord                            Hexes                        8
 y - a book of Hinderance

   Spells                             Type                      Level
   Confusing Touch                    Hexes                        2
   *Confuse                           Hexes                        3
   Petrify                            Transmutation/Earth          4
   Leda's Liquefaction                Hexes/Earth                  4
   Metabolic Englaciation             Hexes/Ice                    5
   Summon Mana Viper                  Hexes/Summoning              5
Rods
 S - a +5 rod of the swarm (14/14)
   (You found it in a labyrinth)
 U - a +3 lightning rod (10/10)
   (You found it in a labyrinth)


   Skills:
 - Level 5.7 Short Blades
 - Level 2.1 Dodging
 + Level 17.5 Stealth
 - Level 2.0 Spellcasting
 + Level 21.9 Hexes
 - Level 1.1 Ice Magic
 * Level 11.5 Evocations


You had one spell level left.
You knew the following spells:

 Your Spells              Type           Power        Failure   Level  Hunger
a - Corona                Hex            #######      0%          1    None
b - Sure Blade            Hex/Chrm       ######....   1%          2    ##.....
c - Confuse               Hex            #######.     0%          3    ###....
d - Ensorcelled Hibernat  Hex/Ice        ######       1%          2    ##.....
e - Enslavement           Hex            #######.     1%          4    ####...
q - Blink                 Tloc           N/A          2%          2    ##.....
A - Apportation           Tloc           ###.......   1%          1    None


Dungeon Overview and Level Annotations

Branches:
Dungeon (15/15)            Temple (1/1) D:7             Orc (0/4) D:10
   Lair (3/8) D:10         Vaults (0/5) D:13         Depths (0/5) D:15
  Swamp: Lair:3-6    Shoals: Lair:3-6     Snake: Lair:3-6    Spider: Lair:3-6

Altars:
Ashenzari
Cheibriados
Dithmenos
Elyvilon
Fedhas
Gozag
Kikubaaqudgha
Makhleb
Nemelex Xobeh
Okawaru
Qazlal
Sif Muna
Trog
Vehumet
Xom
Yredelemnul
Zin
The Shining One

Shops:
D:8 (   D:10 (   D:12 :   D:13 }   D:14 :

Portals:
Trove: D:11 (show horn of Geryon)

Annotations:
D:13 Rupert


Innate Abilities, Weirdness & Mutations

You do not heal naturally.
You can bottle blood from corpses.
You have razor-sharp teeth.
You have supernaturally acute eyesight.
You can survive without breathing.


Message History

Your ogre's corpse dissolves into shadows!
You hit the emperor scorpion but do no damage.
The emperor scorpion is moderately wounded.
The boggart barely misses your ogre.
You block the emperor scorpion's attack.
The emperor scorpion barely misses you. The emperor scorpion claws you.
* * * LOW HITPOINT WARNING * * *
Your ogre closely misses the emperor scorpion.
You hit the emperor scorpion.
The emperor scorpion is moderately wounded.
The boggart hits your ogre.
You block the emperor scorpion's attack.
The emperor scorpion claws you but does no damage.
The emperor scorpion claws you!
* * * LOW HITPOINT WARNING * * *
The boggart hits your ogre.
Your ogre closely misses the emperor scorpion.
The emperor scorpion stings you!!
You die...
Your body crumbles into a pile of gold.

#.......# #..##.##
#.......# #.##...##
##.......####.#.....#
........##....#.....#
#.......#..#####...##
..))......##.# ##.##
#........##...# #..###
##.......##...$###...#
#..).).##>...Fs@##..#
#....).###....#O##.##
#.?#.#.###... #.g§§§#.##
##))#)...###. #.O#§##.%#
#...##...# ##########.....
....###..###.##...........#
....# ##........#.........#
....# #........(.........#
....# #.....))...........#


You could see an emperor scorpion shaped shifter, a blink frog, a boggart
(invisible), a friendly ogre mage and a friendly ogre.

Vanquished Creatures
  Kirke (D:15)
  Maud (Lair:3)
  Gastronok (Lair:3)
  3 hydras
  A minotaur (Lab)
  2 centaur warriors (D:14)
  An ogre mage (D:15)
  A skeletal warrior (D:13)
  An unseen horror (D:15)
  3 hill giants
  A griffon (D:14)
  An oklob plant (Lair:3)
  2 cyclopes
  A red wasp (shapeshifter) (D:14)
  A black mamba (shapeshifter) (D:15)
  10 ugly things
  A black mamba (Lair:1)
  A manticore (D:15)
  2 spiny frogs
  A gargoyle (D:14)
  Psyche (D:8)
  8 komodo dragons
  A fire drake (Lair:3)
  Grinder (D:4)
  5 trolls
  A two-headed ogre (D:14)
  A freezing wraith (D:15)
  4 blink frogs (Lair:3)
  A fire dragon zombie (D:14)
  6 slime creatures
  5 deep elf magi
  A shadow (D:15)
  4 wyverns
  19 yaks
  3 hogs (D:15)
  A vampire (D:14)
  The ghost of nht the Ruffian, an average TrTm of Nemelex Xobeh (D:4)
  Eustachio (D:4)
  A human (shapeshifter) (D:15)
  A wraith (D:11)
  2 vampire mosquitoes (D:14)
  A deep elf fighter (D:10)
  8 wolves
  A soldier ant (D:15)
  4 wargs (D:11)
  4 hippogriffs
  2 soldier ants (shapeshifter)
  2 hungry ghosts
  5 porcupines
  A tengu skeleton (D:14)
  6 ice beasts
  A yellow wasp (D:15)
  4 sky beasts
  7 water moccasins
  8 orc warriors
  3 phantoms
  A black bear (Lair:3)
  10 ogres
  A necrophage (D:8)
  4 boggarts (D:15)
  5 crocodiles
  14 centaurs
  Sigmund (D:5)
  A gnoll sergeant (D:10)
  9 big kobolds
  10 giant frogs
  2 scorpions
  7 killer bees (D:11)
  A yak zombie (D:7)
  An eye of draining (D:14)
  2 spriggan skeletons (D:12)
  21 wights
  A troll skeleton (D:12)
  5 electric eels (D:11)
  6 crimson imps
  2 goliath beetles
  10 jellies
  3 orc priests
  16 hounds
  10 orc wizards
  8 iguanas
  A shapeshifter simulacrum (D:15)
  A giant frog skeleton (D:4)
  A quasit (D:7)
  Natasha (thrice) (D:5)
  6 worker ants
  15 sheep
  A mottled dragon zombie (D:13)
  A big kobold skeleton (D:9)
  2 mummies
  A hound skeleton (D:4)
  9 gnolls
  A worker ant zombie (D:8)
  28 adders
  26 green rats
  An orc skeleton (D:11)
  5 shadow imps
  3 giant mites
  A worm (D:2)
  An orc zombie (D:11)
  3 oozes
  69 orcs
  A ball python (D:3)
  25 bats
  A bat skeleton (D:6)
  A bat zombie (D:6)
  6 giant cockroaches
  16 hobgoblins
  35 kobolds
  7 quokkas
  5 giant geckos
  6 giant newts
  A giant spore (D:12)
  16 goblins
  5 kobold skeletons
  24 rats
  2 rat zombies
  7 ballistomycetes
  A plant (Lair:3)
650 creatures vanquished.

Vanquished Creatures (collateral kills)
  2 vampire mosquitoes (D:14)
  A centaur (D:14)
  3 orcs
  A hobgoblin (D:11)
  2 giant spores
9 creatures vanquished.

Vanquished Creatures (others)
  2 humans (D:15)
  2 ogres (D:15)
  A centaur (D:14)
  A sky beast (D:15)
  A big kobold (D:11)
  An orc (D:11)
  A giant spore (D:4)
  A kobold (D:11)
  A fungus (D:15)
  3 plants
14 creatures vanquished.

Grand Total: 673 creatures vanquished

Notes
Turn   | Place    | Note
--------------------------------------------------------------
     0 | D:1      | PolkaDot, the Vampire Enchanter, began the quest for the Orb.
     0 | D:1      | Reached XP level 1. HP: 13/13 MP: 3/3
   192 | D:1      | Reached XP level 2. HP: 13/19 MP: 1/4
   201 | D:1      | Learned a level 2 spell: Ensorcelled Hibernation
   477 | D:1      | Reached skill level 5 in Hexes
   761 | D:1      | Reached skill level 1 in Ice Magic
   947 | D:1      | Reached XP level 3. HP: 13/24 MP: 0/6
  1319 | D:2      | Reached skill level 5 in Stealth
  1485 | D:2      | Reached XP level 4. HP: 30/30 MP: 4/7
  1746 | D:2      | Reached skill level 6 in Hexes
  1809 | D:2      | Learned a level 3 spell: Confuse
  2321 | D:3      | Found a sparkling altar of Nemelex Xobeh.
  2328 | D:3      | Reached XP level 5. HP: 35/35 MP: 6/9
  2800 | D:3      | Reached skill level 7 in Hexes
  3521 | D:4      | Noticed nht's ghost (average TrTm)
  3716 | D:4      | Noticed an ice beast
  3718 | D:4      | Found a bloodstained altar of Trog.
  3751 | D:4      | Killed an ice beast
  3751 | D:4      | Reached XP level 6. HP: 9/41 MP: 7/10
  3789 | D:4      | Found an iron altar of Okawaru.
  3967 | D:4      | Noticed Grinder
  3980 | D:4      | Killed Grinder
  3980 | D:4      | Reached skill level 8 in Hexes
  3980 | D:4      | Reached XP level 7. HP: 30/46 MP: 8/12
  4015 | D:4      | Noticed Eustachio
  4097 | D:4      | Reached skill level 9 in Hexes
  4123 | D:4      | Killed Eustachio
  4330 | D:4      | Killed nht's ghost
  4330 | D:4      | Reached skill level 10 in Hexes
  4738 | D:5      | Entered Level 5 of the Dungeon
  4738 | D:5      | Noticed Sigmund
  4740 | D:5      | Killed Sigmund
  4740 | D:5      | Reached XP level 8. HP: 47/52 MP: 13/13
  4784 | D:5      | Found a shadowy altar of Dithmenos.
  5188 | D:5      | Noticed Natasha
  5199 | D:5      | Killed Natasha
  5273 | D:5      | Reached skill level 5 in Short Blades
  5503 | D:5      | Noticed Natasha
  5508 | D:5      | Killed Natasha
  5701 | D:5      | Noticed Natasha
  5710 | D:5      | Killed Natasha
  5976 | D:3      | Found a shimmering altar of Xom.
  6159 | D:6      | Reached skill level 11 in Hexes
  6166 | D:6      | Learned a level 4 spell: Enslavement
  6475 | D:6      | Found a snail-covered altar of Cheibriados.
  7192 | D:6      | Found a glowing golden altar of the Shining One.
  7353 | D:6      | Reached skill level 1 in Evocations
  7413 | D:6      | Reached skill level 12 in Hexes
  7569 | D:7      | Found a staircase to the Ecumenical Temple.
  7571 | D:7      | Reached skill level 10 in Stealth
  7582 | D:7      | Reached XP level 9. HP: 49/57 MP: 7/14
  7589 | Temple   | Entered the Ecumenical Temple
  7625 | Temple   | Became a worshipper of Gozag Ym Sagoz the Greedy
  8567 | D:7      | Reached skill level 13 in Hexes
  9357 | D:8      | Found a deep blue altar of Sif Muna.
  9448 | D:8      | Learned a level 2 spell: Sure Blade
  9593 | D:8      | Found Daunn's Antique Weapon Shop.
  9640 | D:8      | Reached skill level 14 in Hexes
  9875 | D:8      | Noticed Psyche
  9880 | D:8      | Killed Psyche
  9965 | D:8      | Found an ancient bone altar of Kikubaaqudgha.
 10212 | D:8      | Reached XP level 10. HP: 50/63 MP: 12/17
 10316 | D:8      | Found a glowing silver altar of Zin.
 10598 | D:9      | Found a shattered altar of Ashenzari.
 10760 | D:9      | Got a fine leather armour
 10778 | D:9      | Identified the cursed -3 leather armour of the Wishes {Str+3 Dex+2 Int+4} (You found it on level 9 of the Dungeon)
 11346 | D:10     | Entered Level 10 of the Dungeon
 11448 | D:10     | Found a staircase to the Lair.
 11451 | D:10     | Reached skill level 5 in Evocations
 11632 | D:10     | Reached skill level 15 in Hexes
 11853 | D:10     | Found Chab's Weapon Shop.
 11882 | D:10     | Found a staircase to the Orcish Mines.
 11908 | D:10     | You fall through a shaft!
 12573 | D:11     | Found a portal to a secret trove of treasure.
 12737 | D:11     | Reached skill level 16 in Hexes
 13879 | D:11     | Reached XP level 11. HP: 25/68 MP: 4/20
 14131 | Lair:1   | Entered Level 1 of the Lair of Beasts
 14844 | D:12     | Found Rooqaff's Book Boutique.
 14881 | D:12     | Noticed a hill giant
 14881 | D:12     | Noticed a hill giant
 14888 | D:12     | a hill giant (ally) was killed
 14893 | D:12     | Killed a hill giant
 14930 | D:12     | Found a labyrinth entrance.
 14936 | Lab      | Entered a labyrinth
 15689 | Lab      | Noticed a minotaur
 15708 | Lab      | Killed a minotaur
 15708 | Lab      | Reached skill level 17 in Hexes
 15873 | Lab      | Learned a level 2 spell: Blink
 16654 | D:12     | Identified a +5 rod of the swarm (14/14) (You found it in a labyrinth)
 16858 | D:12     | Bought a book of Party Tricks for 750 gold pieces
 17400 | Lair:1   | Reached skill level 18 in Hexes
 18087 | Lair:2   | Reached XP level 12. HP: 32/74 MP: 20/23
 18922 | Lair:2   | Learned a level 1 spell: Apportation
 19106 | Lair:2   | Reached skill level 19 in Hexes
 19320 | Lair:3   | Noticed Maud
 19330 | Lair:3   | Killed Maud
 19330 | Lair:3   | Reached skill level 15 in Stealth
 19593 | Lair:3   | Noticed Gastronok
 19610 | Lair:3   | Killed Gastronok
 20649 | Lair:3   | Reached skill level 20 in Hexes
 22238 | D:13     | Noticed a four-headed hydra
 22244 | D:13     | Found a gate to the Vaults.
 22247 | D:13     | Killed a four-headed hydra
 22248 | D:13     | Noticed Rupert
 22310 | D:13     | Found Soqamel's Gadget Shoppe.
 22343 | D:14     | Found Pneal's Book Boutique.
 22561 | D:14     | Reached XP level 13. HP: 79/79 MP: 24/26
 22769 | D:14     | Noticed a centaur warrior
 22777 | D:14     | Killed a centaur warrior
 22931 | D:14     | Reached skill level 10 in Evocations
 23378 | D:14     | Reached skill level 21 in Hexes
 25367 | D:15     | Entered Level 15 of the Dungeon
 27024 | D:15     | Noticed Kirke
 27076 | D:15     | Noticed a ghost moth
 27076 | D:15     | a griffon changed into a ghost moth
 27077 | D:15     | a ghost moth changed into a death yak
 27081 | D:15     | Noticed a green draconian
 27081 | D:15     | a death yak changed into a green draconian
 27083 | D:15     | Killed Kirke
 27084 | D:15     | Found a staircase to the Depths.
 27087 | D:15     | Noticed an emperor scorpion
 27087 | D:15     | a green draconian changed into an emperor scorpion
 27093 | D:15     | Mangled by an emperor scorpion (glowing shapeshifter)

Action                   |  1- 3 |  4- 6 |  7- 9 | 10-12 | 13-15 || total
-------------------------+-------+-------+-------+-------+-------++-------
Melee: Dagger            |    60 |   116 |   468 |   707 |   201 ||  1552
 Cast: Corona            |     4 |     1 |     3 |     8 |     4 ||    20
       Ensorcelled Hiber |    13 |    38 |   100 |   167 |    51 ||   369
       Confuse           |       |    11 |    13 |    27 |    10 ||    61
       Enslavement       |       |       |     1 |    11 |    12 ||    24
       Blink             |       |       |       |     1 |       ||     1
       Sure Blade        |       |       |       |       |     1 ||     1
Invok: Call Merchant     |       |       |       |     2 |       ||     2
 Abil: End Transformatio |     1 |       |       |       |       ||     1
       Bat Form          |     1 |       |       |       |       ||     1
       Evoke Invisibilit |       |       |     2 |    27 |    19 ||    48
       Turn Visible      |       |       |     1 |    12 |     8 ||    21
Evoke: Wand              |       |       |       |     7 |       ||     7
  Use: Potion            |       |     1 |     1 |     6 |     4 ||    12
       Scroll            |       |     6 |     3 |    23 |       ||    32
 Stab: Sleeping          |    14 |    29 |   106 |   211 |    69 ||   429
       Confused          |       |     5 |    14 |    14 |     3 ||    36
       Invisible         |       |       |     2 |    18 |    21 ||    41
       Distracted        |       |       |       |     4 |     1 ||     5
       Betrayed ally     |       |       |       |     1 |     1 ||     2
